 Dungeon Crawl Stone Soup version 0.27.1-33-g824d729ab1 (webtiles) character file.

Game seed: 6694985823491998215

14 sking99 the Skirmisher (level 2, 21/24 HPs)
             Began as a Demonspawn Fighter on Dec 8, 2021.
             Was a Follower of Vehumet.
             Quit the game on level 1 of the Dungeon.
             The game lasted 00:01:00 (259 turns).

sking99 the Skirmisher (Demonspawn Fighter)          Turns: 259, Time: 00:01:01

Health: 21/24      AC:  6    Str: 16    XL:     2   Next: 27%
Magic:  2/2        EV:  6    Int:  9    God:    Vehumet [*.....]
Gold:   15         SH:  8    Dex: 12    Spells: 1/1 levels left

rFire    . . .     SeeInvis .   a - +0 war axe
rCold    . . .     Faith    .   c - +0 kite shield
rNeg     . . .     Spirit   .   b - +0 scale mail
rPois    .         Reflect  .   (no helmet)
rElec    .         Harm     .   (no cloak)
rCorr    .         Rampage  .   (no gloves)
Will     .....                  (no boots)
Stlth    ..........             (no amulet)
HPRegen  0.08/turn              (no ring)
MPRegen  0.08/turn              (no ring)

@: no status effects
A: ignite blood 1
a: Renounce Religion


You were on level 1 of the Dungeon.
You worshipped Vehumet.
Vehumet was aware of your devotion.
You visited 1 branch of the dungeon, and saw 1 of its levels.

You collected 15 gold pieces.

Inventory:

Hand Weapons
 a - a +0 war axe (weapon)
Armour
 b - a +0 scale mail (worn)
 c - a +0 kite shield (worn)
Scrolls
 e - a scroll of fear {unknown}
Potions
 d - a potion of might


   Skills:
 + Level 3.1 Fighting
 * Level 2.2 Axes
 + Level 2.8 Armour
 + Level 2.8 Shields


You had one spell level left.
You didn't know any spells.
Your spell library was empty.

Dungeon Overview and Level Annotations

Branches:
Dungeon (1/15)

Altars:
Vehumet


Innate Abilities, Weirdness & Mutations

Your demonic aura sometimes causes spilled blood to erupt in flames.


Message History

The ball python hisses angrily.
A ball python is nearby!
A ball python is nearby!
You hit the ball python but do no damage.
The ball python bites you. The ball python closely misses you.
The ball python bites you but does no damage.
The ball python grabs you. The ball python constricts you.
You closely miss the ball python. You block the ball python's attack.
The ball python constricts you.
The ball python bites you but does no damage.
The ball python constricts you.
You closely miss the ball python. The ball python completely misses you.
The ball python constricts you.
You slash the ball python!
You kill the ball python!
No target in view!
A hobgoblin comes into view.
Found a puce potion.
The hobgoblin shouts!
The teleport trap disappears.
The hobgoblin disappears!
The hobgoblin moves out of view.
You see here a ball python corpse.
An endoplasm comes into view.
The endoplasm quivers.
Found a scroll labelled WAZIREO WUSKI.
There is a faded altar of an unknown god here.
You hit the endoplasm but do no damage. The endoplasm hits you.
The endoplasm freezes you.
You are frozen.
You slash the endoplasm!
You kill the endoplasm!
There is a faded altar of an unknown god here.
You cannot tell which god this altar belongs to.
Convert to them anyway? [Y]es or [N]o only, please.
You cannot tell which god this altar belongs to.
Convert to them anyway?
Vehumet accepts your prayer! Vehumet welcomes you!
You can now gain magical power from killing.
Vehumet offers you knowledge of Magic Dart.
Are you sure you want to abandon this character and quit the game? (Confirm with "yes".)

#.# ##..#......
#.###...........
#.#...#.........
#.#.###.........
####.#†###.........
#......g!#.........
..........#.........
...................?
............@.#####
..######.........# #
######.......
#..###. ...# #....
###.# ..


You could see a hobgoblin.

Vanquished Creatures
  A dart slug (D:1)
  2 ball pythons (D:1)
  An endoplasm (D:1)
  A giant cockroach (D:1)
  2 goblins (D:1)
  A hobgoblin (D:1)
  A kobold (D:1)
  A rat (D:1)
10 creatures vanquished.

Notes
Turn   | Place    | Note
-------+----------+-------------------------------------------
     0 | D:1      | sking99 the Demonspawn Fighter began the quest for the Orb.
     0 | D:1      | Reached XP level 1. HP: 18/18 MP: 1/1
    41 | D:1      | Gained mutation: Your demonic aura sometimes causes spilled
                  | blood to erupt in flames. [demonic ancestry]
    41 | D:1      | Reached XP level 2. HP: 13/24 MP: 2/2
   233 | D:1      | Found a faded altar of an unknown god.
   258 | D:1      | Became a worshipper of Vehumet
   258 | D:1      | Reached * piety under Vehumet
   258 | D:1      | Offered knowledge of Magic Dart by Vehumet.
   259 | D:1      | Quit the game

Illustrated notes

Levels and vault maps discovered:
D:1:      sevenhm_arrival_forest_fort_small_6, layout_rooms,
          basic_ecumenical_altar

Skill      XL: |  1 |
---------------+----+-----
Axes           | 2 |  2.2
Fighting       | |  3.1
Armour         | |  2.8
Shields        | |  2.8

Action                   || total
-------------------------++-------
Melee: War axe           ||    24
Armor: Scale mail        ||    13
Dodge: Dodged            ||     6
Block: Kite shield       ||    10
